[Event "ICC tourney 2287 (60 10)"]
[Site "Internet Chess Club"]
[Date "2021.01.09"]
[Round "1"]
[White "PrincessOfChess"]
[Black "angelinachess"]
[Result "1-0"]
[ICCResult "Black checkmated"]
[WhiteElo "1526"]
[BlackElo "1197"]
[Opening "Center game: Paulsen attack"]
[ECO "C22"]
[NIC "KP.04"]
[Time "10:09:52"]
[PlyCount "77"]
[TimeControl "3600+10"]

1. e4 e5 2. d4 exd4 3. Qxd4 Nc6 4. Qe3 d6 5. Bd2 Qe7 6. Nc3 Bd7 7. Nd5 Qd8
8. O-O-O Nf6 9. Nc3 Be7 10. f3 O-O 11. g4 a6 12. h4 Ne8 13. h5 h6 14. Nh3
Ne5 15. Nf4 Bg5 16. Qf2 Qf6 17. Ncd5 Qd8 18. Nh3 Bxd2+ 19. Rxd2 c6 20. Nb6
Rb8 21. Nxd7 Qxd7 22. g5 Qe6 23. Kb1 b5 24. Nf4 Ng4 25. fxg4 Qxg4 26. gxh6
gxh6 27. Rg1 Qxg1 28. Qxg1+ Kh7 29. Rg2 Rb7 30. Bd3 Kh8 31. Qd4+ f6 32.
Ng6+ Kg7 33. Nxf8+ Kxf8 34. Qe3 Ng7 35. Qxh6 Kg8 36. Qxf6 Rf7 37. Qd8+ Kh7
38. e5+ Kh6 39. Qh8# { Black checkmated } 1-0

[Event "ICC tourney 2287 (60 10)"]
[Site "Internet Chess Club"]
[Date "2021.01.09"]
[Round "1"]
[White "Il123"]
[Black "SAanjyu"]
[Result "1-0"]
[ICCResult "Black checkmated"]
[WhiteElo "1461"]
[BlackElo "1125"]
[Opening "Sicilian: Canal-Sokolsky (Nimzovich-Rossolimo, Moscow) attack"]
[ECO "B51"]
[NIC "SI.01"]
[Time "10:10:14"]
[PlyCount "75"]
[TimeControl "3600+10"]

1. e4 c5 2. Nf3 d6 3. Bb5+ Nc6 4. Bxc6+ bxc6 5. d4 cxd4 6. Nxd4 Nf6 7. Nc3
e6 8. O-O Qc7 9. f3 Be7 10. Be3 O-O 11. Qd2 Ba6 12. Rfe1 Rab8 13. Nb3 c5
14. Rab1 Bc4 15. Red1 Rfd8 16. Bf4 Qb6 17. Na4 Qa6 18. Nc3 Qb6 19. Kh1 e5
20. Bg3 Be6 21. Bf2 d5 22. exd5 Nxd5 23. Ne4 Nf4 24. Qc3 Ne2 25. Qxe5 f6
26. Nxf6+ Bxf6 27. Qxe2 Rbc8 28. Rxd8+ Bxd8 29. Bxc5 Rxc5 30. Nxc5 Qxc5 31.
Qxe6+ Kf8 32. Re1 Qb5 33. Qd6+ Kf7 34. Qxd8 Qb4 35. Qe8+ Kf6 36. Qe6+ Kg5
37. Re5+ Kh4 38. Qh3# { Black checkmated } 1-0

[Event "ICC tourney 2287 (60 10)"]
[Site "Internet Chess Club"]
[Date "2021.01.09"]
[Round "1"]
[White "Smartypants915"]
[Black "MeeraBLab"]
[Result "1-0"]
[ICCResult "Black resigns"]
[WhiteElo "1505"]
[BlackElo "1177"]
[Opening "King's Indian: Sämisch, 5...O-O"]
[ECO "E81"]
[NIC "KI.48"]
[Time "10:09:53"]
[PlyCount "55"]
[TimeControl "3600+10"]

1. d4 Nf6 2. c4 g6 3. Nc3 Bg7 4. e4 d6 5. f3 O-O 6. Be3 Nbd7 7. Qd2 e5 8.
d5 Ne8 9. O-O-O a6 10. g4 Nb6 11. h4 Nf6 12. h5 Re8 13. hxg6 fxg6 14. Bh6
Re7 15. Bxg7 Rxg7 16. Nh3 Qe7 17. Qh2 c6 18. dxc6 bxc6 19. Qd2 Ne8 20. Be2
Be6 21. b3 Rd8 22. Ng5 Nf6 23. Nxe6 Qxe6 24. c5 Nc8 25. Bc4 d5 26. exd5
cxd5 27. Nxd5 Qd6 28. cxd6 { Black resigns } 1-0

[Event "ICC tourney 2287 (60 10)"]
[Site "Internet Chess Club"]
[Date "2021.01.09"]
[Round "1"]
[White "TigerSahi"]
[Black "sswagatha"]
[Result "1-0"]
[ICCResult "Black checkmated"]
[WhiteElo "1662"]
[BlackElo "1301"]
[Opening "QGD: exchange, positional line"]
[ECO "D35"]
[NIC "QO.16"]
[Time "10:09:55"]
[PlyCount "59"]
[TimeControl "3600+10"]

1. d4 d5 2. c4 e6 3. Nc3 Nf6 4. cxd5 exd5 5. Bg5 Bb4 6. e3 Nc6 7. Bd3 h6 8.
Bh4 Be6 9. Ne2 Qe7 10. O-O g5 11. Bg3 a6 12. Rc1 h5 13. h4 gxh4 14. Bxh4
Rg8 15. Nf4 Bg4 16. Be2 O-O-O 17. Ncxd5 Qd6 18. Nxf6 Bxe2 19. Qxe2 Rh8 20.
Ne4 Qd7 21. Bxd8 Qxd8 22. Nc5 h4 23. Nxa6 Bd6 24. Nh3 Qf6 25. Qg4+ Kd8 26.
Nc5 Ke8 27. Nxb7 Be7 28. Rxc6 Qxc6 29. Qc8+ Bd8 30. Qxd8# { Black
checkmated } 1-0

[Event "ICC tourney 2287 (60 10)"]
[Site "Internet Chess Club"]
[Date "2021.01.09"]
[Round "1"]
[White "SASofia"]
[Black "rkanury1"]
[Result "0-1"]
[ICCResult "White checkmated"]
[WhiteElo "1302"]
[BlackElo "1672"]
[Opening "Sicilian: accelerated fianchetto, modern variation with Bc4"]
[ECO "B35"]
[NIC "SI.31"]
[Time "10:10:14"]
[PlyCount "76"]
[TimeControl "3600+10"]

1. e4 c5 2. Nf3 Nc6 3. Nc3 g6 4. d4 cxd4 5. Nxd4 Bg7 6. Be3 Nf6 7. Bc4 e6
8. Bg5 Qa5 9. Nxc6 bxc6 10. Bd2 Qc7 11. O-O O-O 12. Re1 d5 13. exd5 exd5
14. Bd3 Ng4 15. h3 Qh2+ 16. Kf1 Nxf2 17. Kxf2 Bd4+ 18. Be3 Qf4+ 19. Qf3
Qh4+ 20. g3 Bxe3+ 21. Qxe3 Qf6+ 22. Kg2 d4 23. Rf1 Qxf1+ 24. Rxf1 dxe3 25.
Re1 Re8 26. Be4 Bb7 27. Rxe3 f5 28. Bxc6 Bxc6+ 29. Rf3 Re3 30. Nd1 Rxf3 31.
Kg1 Re8 32. Nf2 Re1+ 33. Kg2 Rfe3+ 34. Kh2 R3e2 35. g4 Rxf2+ 36. Kg3 Rg2+
37. Kh4 h6 38. gxf5 Re4# { White checkmated } 0-1

[Event "ICC tourney 2287 (60 10)"]
[Site "Internet Chess Club"]
[Date "2021.01.09"]
[Round "1"]
[White "chessamongus"]
[Black "tundrarules"]
[Result "0-1"]
[ICCResult "White checkmated"]
[WhiteElo "1705"]
[BlackElo "1325"]
[Opening "Scotch gambit: Dubois-Réti defense"]
[ECO "C55"]
[NIC "KP.02"]
[Time "10:10:09"]
[PlyCount "68"]
[TimeControl "3600+10"]

1. e4 e5 2. Nf3 Nc6 3. d4 exd4 4. Bc4 Nf6 5. e5 d5 6. Bb5 Ne4 7. Nxd4 Bc5
8. O-O O-O 9. Bxc6 bxc6 10. Nxc6 Qd7 11. Nd4 Re8 12. f4 Ba6 13. Re1 Rab8
14. c3 Bc4 15. b3 Ba6 16. Be3 Bb6 17. Qc2 c5 18. Nf3 Ba5 19. Rd1 Qb7 20.
Nfd2 Nxd2 21. Nxd2 f6 22. Bxc5 Rbc8 23. Bd4 fxe5 24. fxe5 Bxc3 25. Bxc3
Rxe5 26. Qb2 d4 27. Bxd4 Re2 28. Bf2 Rxf2 29. Kxf2 Qb6+ 30. Kg3 Qd6+ 31.
Kf3 Rf8+ 32. Kg4 Qf4+ 33. Kh3 Bc8+ 34. g4 Qxg4# { White checkmated } 0-1

[Event "ICC tourney 2287 (60 10)"]
[Site "Internet Chess Club"]
[Date "2021.01.09"]
[Round "1"]
[White "fluffyfloofers"]
[Black "bhavyat"]
[Result "0-1"]
[ICCResult "White checkmated"]
[WhiteElo "1157"]
[BlackElo "1475"]
[Opening "Scandinavian defense"]
[ECO "B01"]
[NIC "SD.03"]
[Time "10:09:59"]
[PlyCount "58"]
[TimeControl "3600+10"]

1. e4 d5 2. exd5 Nf6 3. Nf3 Bg4 4. Be2 Qxd5 5. Nc3 Qh5 6. O-O Nc6 7. d3
O-O-O 8. Bf4 e6 9. Qd2 e5 10. Be3 e4 11. Ne1 Bxe2 12. Nxe2 Ng4 13. h3 Nxe3
14. Qxe3 Bc5 15. Qd2 exd3 16. Nxd3 Nb4 17. Nef4 Qf5 18. Qc3 Nxd3 19. Nxd3
Bb6 20. Rad1 Rhg8 21. Qd2 g5 22. a3 Rd4 23. Qe2 g4 24. h4 g3 25. Rde1 gxf2+
26. Nxf2 Rdg4 27. Rd1 Rxg2+ 28. Kh1 Bxf2 29. Rxf2 Qh3# { White checkmated }
0-1

[Event "ICC tourney 2287 (60 10)"]
[Site "Internet Chess Club"]
[Date "2021.01.09"]
[Round "1"]
[White "TweensGambit"]
[Black "VickyV2011"]
[Result "0-1"]
[ICCResult "White checkmated"]
[WhiteElo "1383"]
[BlackElo "1056"]
[Opening "Scandinavian (center counter) defense"]
[ECO "B01"]
[NIC "SD.02"]
[Time "10:09:56"]
[PlyCount "124"]
[TimeControl "3600+10"]

1. e4 d5 2. exd5 Qxd5 3. Nc3 Qd8 4. d4 Nf6 5. Nf3 Bg4 6. Be2 e6 7. Be3 c6
8. Qd2 Be7 9. O-O O-O 10. h3 Bxf3 11. Bxf3 Nbd7 12. Ne2 Nd5 13. Bxd5 cxd5
14. Rac1 Rc8 15. Qd3 Nb6 16. b3 Qc7 17. Bf4 Qc6 18. a4 Ba3 19. Ra1 Qxc2 20.
Qxc2 Rxc2 21. Rxa3 Rxe2 22. Rc1 Rc8 23. Rxc8+ Nxc8 24. Ra1 Rc2 25. Kf1 Kf8
26. Rc1 Rxc1+ 27. Bxc1 Ke7 28. Ba3+ Kf6 29. Ke2 Nb6 30. Bc5 e5 31. Ke3 e4
32. f3 exf3 33. Kxf3 Nc8 34. Kf4 a6 35. g4 h6 36. Ke3 Kg5 37. Kf3 f5 38.
gxf5 Kxf5 39. Bf8 Kf6 40. Kf4 Ne7 41. Bxe7+ Kxe7 42. Ke5 g5 43. Kxd5 h5 44.
Ke4 g4 45. h4 Kd6 46. Kf5 g3 47. Kf4 g2 48. Kf3 g1=Q 49. Ke4 Qg4+ 50. Kd3
Kd5 51. Kc3 Qxd4+ 52. Kc2 a5 53. Kc1 Qd3 54. Kb2 Qd4+ 55. Kc2 Qxh4 56. Kd3
Qg3+ 57. Ke2 h4 58. Kf1 h3 59. Ke2 h2 60. Kd1 h1=Q+ 61. Kc2 Qhh2+ 62. Kb1
Qgg1# { White checkmated } 0-1

[Event "ICC tourney 2287 (60 10)"]
[Site "Internet Chess Club"]
[Date "2021.01.09"]
[Round "1"]
[White "thihansa"]
[Black "che8642"]
[Result "0-1"]
[ICCResult "White checkmated"]
[WhiteElo "1231"]
[BlackElo "1563"]
[Opening "Sicilian: closed"]
[ECO "B23"]
[NIC "SI.44"]
[Time "10:10:14"]
[PlyCount "134"]
[TimeControl "3600+10"]

1. e4 c5 2. Nc3 e6 3. g3 a6 4. a4 b6 5. Bg2 Bb7 6. d3 d6 7. Nge2 Nd7 8. h3
Ngf6 9. Be3 Qc7 10. Qd2 Be7 11. f4 O-O 12. O-O d5 13. Bf2 d4 14. Nd1 Rad8
15. b3 Ra8 16. Nb2 b5 17. axb5 axb5 18. Rfb1 Nb6 19. Qe1 Nfd7 20. Rxa8 Rxa8
21. Ra1 Qc8 22. Ra5 Rxa5 23. Qxa5 Ba6 24. g4 Bd8 25. Qa1 e5 26. f5 c4 27.
bxc4 bxc4 28. Qc1 Nc5 29. Qd2 c3 30. Nxc3 dxc3 31. Qxc3 Ncd7 32. Qd2 Be7
33. h4 Bc5 34. g5 Bxf2+ 35. Qxf2 Nc5 36. h5 Bb5 37. g6 f6 38. gxh7+ Kxh7
39. Qg3 Be8 40. Bf3 Nca4 41. Nxa4 Nxa4 42. Bd1 Nb2 43. Qg4 Qc5+ 44. Kg2 Qe3
45. Qe2 Nxd1 46. Qxd1 Qg5+ 47. Kf2 Bxh5 48. Qg1 Qd2+ 49. Kg3 Qxc2 50. Qe3
Qe2 51. Qf2 Qxd3+ 52. Kh2 Qxe4 53. Kg1 Qd4 54. Qxd4 exd4 55. Kf2 Kh6 56.
Ke1 Kg5 57. Kd2 Kxf5 58. Kd3 Ke5 59. Kd2 g5 60. Kd3 g4 61. Ke2 g3+ 62. Kf1
d3 63. Kg2 d2 64. Kxg3 d1=Q 65. Kf2 Qe2+ 66. Kg3 Qf3+ 67. Kh4 Qg4# { White
checkmated } 0-1

[Event "ICC tourney 2287 (60 10)"]
[Site "Internet Chess Club"]
[Date "2021.01.09"]
[Round "1"]
[White "chessrani20"]
[Black "xiaoyiyi"]
[Result "1/2-1/2"]
[ICCResult "Game drawn by mutual agreement"]
[WhiteElo "1095"]
[BlackElo "1422"]
[Opening "Sicilian: Kan, 5.Nc3"]
[ECO "B43"]
[NIC "SI.41"]
[Time "10:09:56"]
[PlyCount "115"]
[TimeControl "3600+10"]

1. e4 c5 2. Nf3 e6 3. d4 cxd4 4. Nxd4 a6 5. Nc3 Qc7 6. Be2 b5 7. Bf3 Bb7 8.
O-O Nf6 9. Qd3 Nc6 10. Nxc6 Bxc6 11. a3 d6 12. Bf4 Be7 13. Rad1 Rd8 14. Qe2
O-O 15. Rfe1 Qb7 16. e5 Bxf3 17. Qxf3 Qxf3 18. gxf3 dxe5 19. Bxe5 h6 20.
Re2 Rxd1+ 21. Nxd1 Rd8 22. Nc3 Kh7 23. Kf1 Nd5 24. Ke1 b4 25. Nxd5 Rxd5 26.
axb4 Bxb4+ 27. c3 Bd6 28. Bxd6 Rxd6 29. Rd2 Rb6 30. b4 Rc6 31. Rc2 Rc4 32.
Kf1 Kg6 33. Kg2 Kg5 34. Kg3 h5 35. h3 h4+ 36. Kg2 Kf4 37. Rc1 g5 38. Rc2 f5
39. Ra2 Rxc3 40. Rxa6 e5 41. b5 Rb3 42. Rb6 g4 43. fxg4 fxg4 44. hxg4 Kxg4
45. Rb8 h3+ 46. Kh2 Kf3 47. b6 Kxf2 48. b7 Ke1 49. Re8 Rxb7 50. Rxe5+ Kf2
51. Kxh3 Kf3 52. Kh4 Kf4 53. Rg5 Rh7+ 54. Rh5 Re7 55. Rg5 Re1 56. Rg4+ Kf5
57. Rg5+ Kf6 58. Rg3 { Game drawn by mutual agreement } 1/2-1/2

[Event "ICC tourney 2287 (60 10)"]
[Site "Internet Chess Club"]
[Date "2021.01.09"]
[Round "1"]
[White "MiaTbim"]
[Black "cherrychopper"]
[Result "0-1"]
[ICCResult "White checkmated"]
[WhiteElo "1007"]
[BlackElo "1380"]
[Opening "Ruy Lopez: 5.O-O"]
[ECO "C78"]
[NIC "RL.12"]
[Time "10:11:06"]
[PlyCount "120"]
[TimeControl "3600+10"]

1. e4 e5 2. Nf3 Nc6 3. Bb5 a6 4. Ba4 Nf6 5. O-O b5 6. Bb3 Bc5 7. c3 O-O 8.
Re1 Bb7 9. d4 Bd6 10. Bg5 h6 11. Bh4 Kh8 12. Bg3 Qe7 13. d5 Na5 14. Qd2
Nxb3 15. axb3 Nh7 16. c4 b4 17. Qd3 Ng5 18. Nbd2 c6 19. Rad1 c5 20. Nxg5
Qxg5 21. Nf3 Qe7 22. Qe3 Qf6 23. Nh4 Qg5 24. Qf3 Be7 25. Nf5 Bf6 26. Bh4
Qg6 27. Bxf6 Qxf6 28. Qh3 d6 29. Re3 Bc8 30. Qh5 Bxf5 31. exf5 Qg5 32. Qh3
Qf6 33. Rg3 Rg8 34. Qg4 g6 35. fxg6 Rxg6 36. Qh3 Rxg3 37. Qxg3 Rg8 38. Qh3
Qg6 39. Re1 Kh7 40. Rd1 Qc2 41. Re1 Qg6 42. g3 f5 43. Re3 f4 44. Rf3 Qb1+
45. Kg2 Qe4 46. Qd7+ Rg7 47. Qh3 fxg3 48. hxg3 Rf7 49. Qg4 Qxg4 50. Rxf7+
Kg6 51. Rg7+ Kxg7 52. f3 Qd4 53. Kh3 Qxb2 54. g4 Qxb3 55. Kh4 Qxc4 56. Kh5
b3 57. g5 hxg5 58. Kxg5 b2 59. Kh5 b1=Q 60. Kg5 Qg6# { White checkmated }
0-1

[Event "ICC tourney 2287 (60 10)"]
[Site "Internet Chess Club"]
[Date "2021.01.09"]
[Round "2"]
[White "cherrychopper"]
[Black "PrincessOfChess"]
[Result "0-1"]
[ICCResult "White checkmated"]
[WhiteElo "1380"]
[BlackElo "1526"]
[Opening "Sicilian: Alapin's variation (2.c3)"]
[ECO "B22"]
[NIC "SI.46"]
[Time "13:05:47"]
[PlyCount "42"]
[TimeControl "3600+10"]

1. e4 c5 2. c3 d5 3. exd5 Qxd5 4. Nf3 Bg4 5. Be2 Nc6 6. c4 Qd7 7. O-O e6 8.
Ng5 Bxe2 9. Qxe2 Nd4 10. Qe4 Nf6 11. Qd3 Bd6 12. Nc3 Nf5 13. Nb5 Bxh2+ 14.
Kxh2 Qxd3 15. Nc7+ Ke7 16. Nxa8 Rxa8 17. Re1 Ng4+ 18. Kg1 Qd4 19. Nh3 Qd6
20. f4 Qd4+ 21. Kh1 Ng3# { White checkmated } 0-1

[Event "ICC tourney 2287 (60 10)"]
[Site "Internet Chess Club"]
[Date "2021.01.09"]
[Round "2"]
[White "SAanjyu"]
[Black "thihansa"]
[Result "0-1"]
[ICCResult "White checkmated"]
[WhiteElo "1125"]
[BlackElo "1231"]
[Opening "French defense"]
[ECO "C00"]
[NIC "FR.01"]
[Time "13:06:24"]
[PlyCount "146"]
[TimeControl "3600+10"]

1. e4 e6 2. Nf3 d5 3. exd5 exd5 4. d4 Bg4 5. Be2 Nf6 6. O-O Be7 7. Nc3 O-O
8. Be3 c6 9. Qd3 Bxf3 10. Bxf3 Nbd7 11. Rfe1 Re8 12. Qf5 Nf8 13. Ne2 Qd7
14. Qxd7 N8xd7 15. Ng3 g6 16. h4 Bf8 17. Bg5 Bg7 18. h5 Nxh5 19. Nxh5 gxh5
20. Bxh5 Nf6 21. Bf3 Kf8 22. Bf4 Rxe1+ 23. Rxe1 Re8 24. Bd6+ Kg8 25. Rxe8+
Nxe8 26. Be5 Kf8 27. Bxg7+ Nxg7 28. Kf1 Ke7 29. Ke2 Kd6 30. Kd3 Ne6 31. c3
b6 32. b4 c5 33. bxc5+ bxc5 34. dxc5+ Kxc5 35. g3 f6 36. Bg4 Ng5 37. Bf5 h6
38. f4 Nf7 39. Bg4 Nd6 40. Kc2 Ne4 41. a4 Nxg3 42. Kb3 Ne4 43. f5 a5 44.
Bh3 Ng3 45. Bg4 h5 46. Bh3 h4 47. Bg4 Ne4 48. Bf3 Nf2 49. Kc2 h3 50. Kd2 h2
51. Ke2 h1=Q 52. Bxh1 Nxh1 53. Kf3 Kc4 54. Kg2 Kxc3 55. Kxh1 Kd3 56. Kg2
Ke2 57. Kg3 d4 58. Kf4 d3 59. Kg4 d2 60. Kh5 d1=Q 61. Kg6 Qd4 62. Kf7 Qd6
63. Kg6 Kd3 64. Kf7 Kc3 65. Kg6 Kb4 66. Kf7 Kxa4 67. Kg6 Kb3 68. Kh5 Qg3
69. Kh6 a4 70. Kh5 a3 71. Kh6 a2 72. Kh5 a1=R 73. Kh6 Rh1# { White
checkmated } 0-1

[Event "ICC tourney 2287 (60 10)"]
[Site "Internet Chess Club"]
[Date "2021.01.09"]
[Round "2"]
[White "MeeraBLab"]
[Black "SASofia"]
[Result "1-0"]
[ICCResult "Black checkmated"]
[WhiteElo "1177"]
[BlackElo "1302"]
[Opening "Ruy Lopez: old Steinitz defense"]
[ECO "C62"]
[NIC "RL.02"]
[Time "13:05:42"]
[PlyCount "127"]
[TimeControl "3600+10"]

1. e4 e5 2. Nf3 Nc6 3. Bb5 d6 4. c3 Bd7 5. O-O Nf6 6. Re1 Be7 7. d4 a6 8.
Ba4 exd4 9. cxd4 O-O 10. Bg5 h6 11. Bh4 Re8 12. h3 d5 13. Bxf6 Bxf6 14.
exd5 Ne7 15. Bxd7 Qxd7 16. Nc3 Nxd5 17. Nxd5 Qxd5 18. b3 Qb5 19. Rc1 Qb4
20. Rxe8+ Rxe8 21. Rxc7 Qb6 22. Rc2 Bd8 23. Re2 Rxe2 24. Qxe2 Bf6 25. Qe8+
Kh7 26. Qxf7 Qc6 27. Qc4 Qxc4 28. bxc4 Kg6 29. Kf1 Kf5 30. d5 Ke4 31. Ke2
g5 32. Kd2 h5 33. Kc2 g4 34. hxg4 hxg4 35. Nd2+ Kd4 36. Kb3 b5 37. cxb5
axb5 38. Kb4 Kd3 39. Nf1 Ke2 40. Ng3+ Kxf2 41. Ne4+ Kxg2 42. Nxf6 g3 43. d6
Kf1 44. d7 g2 45. d8=Q g1=Q 46. Qd1+ Kf2 47. Qxg1+ Kxg1 48. Kxb5 Kf2 49. a4
Ke3 50. a5 Kd4 51. a6 Ke5 52. a7 Kxf6 53. a8=Q Kf5 54. Qa4 Kf6 55. Kc6 Ke5
56. Qc4 Kf5 57. Kd6 Kf6 58. Qf4+ Kg6 59. Qe5 Kf7 60. Kd7 Kg6 61. Ke6 Kh6
62. Qg3 Kh7 63. Kf7 Kh6 64. Qg6# { Black checkmated } 1-0

[Event "ICC tourney 2287 (60 10)"]
[Site "Internet Chess Club"]
[Date "2021.01.09"]
[Round "2"]
[White "sswagatha"]
[Black "fluffyfloofers"]
[Result "1-0"]
[ICCResult "Black checkmated"]
[WhiteElo "1301"]
[BlackElo "1157"]
[Opening "QGA: 3.e4"]
[ECO "D20"]
[NIC "QG.04"]
[Time "13:05:51"]
[PlyCount "87"]
[TimeControl "3600+10"]

1. d4 d5 2. c4 dxc4 3. e4 Nf6 4. e5 Nd5 5. Bxc4 Nb6 6. Bb3 Nc6 7. Nf3 e6 8.
O-O Be7 9. Nc3 O-O 10. Bf4 Na5 11. Bc2 Nac4 12. Qd3 g6 13. Rab1 c5 14. a4
cxd4 15. Nxd4 Bc5 16. Nb3 Be7 17. a5 Qxd3 18. Bxd3 g5 19. axb6 Nxb6 20. Be3
Bd8 21. f4 gxf4 22. Rxf4 Kh8 23. Rf3 f6 24. exf6 Rxf6 25. Bd4 Kg7 26. Bxf6+
Bxf6 27. Rg3+ Kh8 28. Rh3 Bd7 29. Rxh7+ Kg8 30. Rf1 Rf8 31. Nc5 Bc6 32.
Nxe6 Rf7 33. Rxf7 Kxf7 34. Nd8+ Ke7 35. Nxc6+ bxc6 36. g3 Bd4+ 37. Kg2 Bxc3
38. bxc3 Kd6 39. h4 Kc5 40. h5 a5 41. h6 a4 42. h7 a3 43. h8=Q a2 44. Qd4#
{ Black checkmated } 1-0

[Event "ICC tourney 2287 (60 10)"]
[Site "Internet Chess Club"]
[Date "2021.01.09"]
[Round "2"]
[White "mnm1"]
[Black "chessamongus"]
[Result "1/2-1/2"]
[ICCResult "Game drawn by repetition"]
[WhiteElo "1508"]
[BlackElo "1705"]
[Opening "Sicilian: Hungarian variation"]
[ECO "B27"]
[NIC "SI.43"]
[Time "13:05:36"]
[PlyCount "78"]
[TimeControl "3600+10"]

1. e4 c5 2. Nf3 g6 3. d4 cxd4 4. Nxd4 Bg7 5. Be3 Nc6 6. f3 Nf6 7. c4 d6 8.
Nc3 O-O 9. Be2 Bd7 10. O-O Nxd4 11. Bxd4 Bc6 12. Rc1 Nd7 13. Nd5 Bxd5 14.
cxd5 Bxd4+ 15. Qxd4 Qb6 16. Qxb6 Nxb6 17. Rc7 Rac8 18. Rfc1 Rxc7 19. Rxc7
Rc8 20. Rxc8+ Nxc8 21. a4 a5 22. Kf2 Kg7 23. Ke3 Kf8 24. Bb5 e6 25. Kd4 Ke7
26. f4 Na7 27. Bc4 Nc8 28. e5 Nb6 29. b3 Nc8 30. Be2 Na7 31. Bf3 b6 32. Kc4
Kd7 33. g4 h6 34. h4 Ke7 35. Kd4 Kd7 36. Kc4 Ke7 37. Kd4 Kd7 38. Kc4 Ke7
39. Kd4 Kd7 { Game drawn by repetition } 1/2-1/2

[Event "ICC tourney 2287 (60 10)"]
[Site "Internet Chess Club"]
[Date "2021.01.09"]
[Round "2"]
[White "VickyV2011"]
[Black "Smartypants915"]
[Result "0-1"]
[ICCResult "White resigns"]
[WhiteElo "1056"]
[BlackElo "1505"]
[Opening "King's Indian: London system"]
[ECO "A48"]
[NIC "QP.03"]
[Time "13:06:24"]
[PlyCount "68"]
[TimeControl "3600+10"]

1. d4 Nf6 2. Nf3 g6 3. Bf4 Bg7 4. c3 O-O 5. e3 d6 6. Bd3 Nfd7 7. Nbd2 Nc6
8. O-O e5 9. Bg3 Kh8 10. Bc2 f5 11. dxe5 dxe5 12. e4 f4 13. Bh4 Qe8 14. Ne1
h6 15. f3 g5 16. Bf2 Nf6 17. h4 g4 18. g3 gxf3 19. Nexf3 Qg6 20. Kh2 fxg3+
21. Bxg3 Ng4+ 22. Kh1 Ne3 23. Qe2 Nxf1 24. Nxf1 Bg4 25. N1h2 Bxf3+ 26. Nxf3
Qxg3 27. Rf1 Bf6 28. Rg1 Qh3+ 29. Nh2 Qxh4 30. Rg4 Qh3 31. Qd2 Bg5 32. Qe2
Rf7 33. Rg1 Raf8 34. Bd3 Rf2 { White resigns } 0-1

[Event "ICC tourney 2287 (60 10)"]
[Site "Internet Chess Club"]
[Date "2021.01.09"]
[Round "2"]
[White "xiaoyiyi"]
[Black "rvidapu3"]
[Result "1-0"]
[ICCResult "Black checkmated"]
[WhiteElo "1422"]
[BlackElo "1209"]
[Opening "French: Tarrasch, open variation, main line"]
[ECO "C09"]
[NIC "FR.22"]
[Time "13:05:47"]
[PlyCount "125"]
[TimeControl "3600+10"]

1. e4 e6 2. d4 d5 3. Nd2 c5 4. exd5 exd5 5. Ngf3 Nc6 6. Bb5 Qb6 7. Qe2+ Be7
8. dxc5 Qd8 9. O-O Nf6 10. Re1 O-O 11. Bxc6 Bxc5 12. Bb5 Qb6 13. Bd3 Bd7
14. Nb3 Rfe8 15. Qf1 Bb4 16. c3 Bd6 17. Be3 Qd8 18. Bg5 Rc8 19. Rxe8+ Bxe8
20. Qe2 Bb8 21. Re1 Qd6 22. Bxf6 gxf6 23. Bf5 Rd8 24. Qe7 Qxe7 25. Rxe7 Bc6
26. Nbd4 Bd6 27. Nxc6 bxc6 28. Rd7 Rxd7 29. Bxd7 c5 30. Bc6 d4 31. cxd4
cxd4 32. Nxd4 Be5 33. Nb5 Bxb2 34. Nxa7 Kf8 35. Nc8 Ba3 36. Kf1 Kg7 37. Ke2
Kg6 38. Kd3 f5 39. Kc4 Kf6 40. Kb3 Bc5 41. f3 Ke6 42. a4 Bd6 43. Nxd6 Kxd6
44. Be8 Kc7 45. Bxf7 f4 46. g3 fxg3 47. hxg3 h6 48. g4 Kb6 49. f4 Ka5 50.
g5 hxg5 51. fxg5 Kb6 52. g6 Kc6 53. g7 Kb6 54. g8=Q Ka5 55. Qa8+ Kb6 56.
a5+ Kb5 57. a6 Kb6 58. Qb7+ Kc5 59. a7 Kd6 60. a8=Q Ke5 61. Qe7+ Kf4 62.
Qae4+ Kg3 63. Q7h4# { Black checkmated } 1-0

[Event "ICC tourney 2287 (60 10)"]
[Site "Internet Chess Club"]
[Date "2021.01.09"]
[Round "2"]
[White "bhavyat"]
[Black "TigerSahi"]
[Result "0-1"]
[ICCResult "White checkmated"]
[WhiteElo "1475"]
[BlackElo "1662"]
[Opening "Queen's pawn: London system"]
[ECO "A45"]
[NIC "QP.07"]
[Time "13:05:36"]
[PlyCount "100"]
[TimeControl "3600+10"]

1. d4 Nf6 2. Bf4 g6 3. Nc3 d5 4. e3 Bf5 5. Nf3 Bg7 6. Be2 Nc6 7. Ne5 Nxe5
8. Bxe5 c6 9. g4 Be6 10. g5 Nh5 11. Bxh5 Bxe5 12. Bxg6 hxg6 13. dxe5 Qc7
14. f4 O-O-O 15. Qd2 Rh3 16. O-O-O Qb6 17. Rhe1 Rdh8 18. Rh1 Qxe3 19. Qxe3
Rxe3 20. Rd3 Rxd3 21. cxd3 Rh4 22. Ne2 Bg4 23. Ng3 Bh5 24. Nxh5 Rxh5 25. h4
Kd7 26. Kd2 Ke6 27. Ke3 Kf5 28. Kf3 Rh8 29. Kg3 c5 30. b3 b5 31. Rc1 Rc8
32. Kf3 c4 33. b4 c3 34. Rc2 d4 35. Kg3 Rc6 36. Kf3 Ra6 37. Rc1 Rxa2 38.
Rh1 Rd2 39. h5 gxh5 40. Rxh5 c2 41. g6+ Kxg6 42. Rg5+ Kh7 43. Rh5+ Kg8 44.
Rg5+ Kf8 45. Rh5 c1=Q 46. Rh8+ Kg7 47. Rh3 Qf1+ 48. Kg3 Rg2+ 49. Kh4 Qxf4+
50. Kh5 Qg5# { White checkmated } 0-1

[Event "ICC tourney 2287 (60 10)"]
[Site "Internet Chess Club"]
[Date "2021.01.09"]
[Round "2"]
[White "rkanury1"]
[Black "Il123"]
[Result "0-1"]
[ICCResult "White checkmated"]
[WhiteElo "1672"]
[BlackElo "1461"]
[Opening "Scandinavian (center counter) defense"]
[ECO "B01"]
[NIC "SD.01"]
[Time "13:05:35"]
[PlyCount "122"]
[TimeControl "3600+10"]

1. e4 d5 2. exd5 Qxd5 3. Nc3 Qa5 4. d4 c6 5. Nf3 Nf6 6. Bc4 Bg4 7. Bd2 Qc7
8. h3 Bh5 9. g4 Bg6 10. Ne5 e6 11. Bf4 Bd6 12. Qd2 Nbd7 13. Nxg6 hxg6 14.
Bxd6 Qxd6 15. O-O-O Nb6 16. Bb3 O-O-O 17. g5 Nfd5 18. Ne4 Qf4 19. Nc5 Qxd2+
20. Rxd2 Nf4 21. h4 Ng2 22. f3 Rxh4 23. Rxh4 Nxh4 24. Rd3 Nf5 25. c3 Rh8
26. Ne4 Rh3 27. Nf2 Rg3 28. f4 Rg1+ 29. Rd1 Rg2 30. Rd2 Ne3 31. Ne4 Kc7 32.
Rf2 Nbd5 33. Kd2 Rxf2+ 34. Nxf2 Ng2 35. Bxd5 exd5 36. Nd3 f6 37. Ke2 Nh4
38. Nc5 Nf5 39. Ne6+ Kd6 40. Nf8 Nh4 41. Kf2 Ke7 42. Nh7 Kf7 43. Kg3 Nf5+
44. Kf3 Nd6 45. Kg4 Kg8 46. Nxf6+ gxf6 47. gxf6 Kf7 48. Kg5 Ne4+ 49. Kh6
Kxf6 50. a4 Ng3 51. a5 Ne2 52. Kh7 Nxf4 53. Kg8 g5 54. Kf8 g4 55. Ke8 g3
56. Kd7 g2 57. Kc7 g1=Q 58. Kxb7 Qg7+ 59. Kxc6 Ke6 60. b4 Qd7+ 61. Kc5 Nd3#
{ White checkmated } 0-1

[Event "ICC tourney 2287 (60 10)"]
[Site "Internet Chess Club"]
[Date "2021.01.09"]
[Round "2"]
[White "che8642"]
[Black "phosur"]
[Result "1-0"]
[ICCResult "Black resigns"]
[WhiteElo "1563"]
[BlackElo "1347"]
[Opening "Queen's pawn: Chigorin variation"]
[ECO "D00"]
[NIC "QP.08"]
[Time "13:05:29"]
[PlyCount "97"]
[TimeControl "3600+10"]

1. d4 d5 2. Nc3 Nf6 3. Bf4 e6 4. a3 Bd6 5. Bg3 O-O 6. e3 Bd7 7. Nf3 Qe7 8.
Bd3 c5 9. Bxd6 Qxd6 10. dxc5 Qxc5 11. O-O Nc6 12. e4 d4 13. Ne2 e5 14. c3
Bg4 15. cxd4 exd4 16. Rc1 Qh5 17. Nf4 Qh6 18. g3 Ne5 19. Be2 Bxf3 20. Bxf3
g5 21. Nd3 Rfe8 22. Nxe5 Rxe5 23. Qxd4 Rae8 24. Qxa7 g4 25. Bg2 Nxe4 26.
Qxb7 Nd2 27. Rfd1 Re2 28. Qb4 Nf3+ 29. Bxf3 gxf3 30. Qg4+ Kh8 31. Qxf3 R2e5
32. Qc3 Kg8 33. Rd4 Qg6 34. Rcd1 Qe6 35. Qc4 Qh3 36. Qf1 Qe6 37. Rd8 Kf8
38. Rxe8+ Kxe8 39. Qd3 Qe7 40. Qxh7 Qf8 41. Rc1 Ke7 42. Qh4+ f6 43. Qb4+
Kf7 44. Qxf8+ Kxf8 45. b4 Re2 46. Ra1 Ke7 47. h4 f5 48. Kf1 Re4 49. Re1 {
Black resigns } 1-0